 Dungeon Crawl Stone Soup version 0.25.1-2-g60ff931df9 (webtiles) character file.

Game seed: 4788112127529939417

52 KamiKatze the Shield-Bearer (level 3, -1/19 HPs)
             Began as a Vine Stalker Fighter on Aug 17, 2020.
             Slain by Crazy Yiuf
             ... wielding a +3 quarterstaff of chaos
              (3 damage)
             ... while paralysed by Crazy Yiuf
             ... on level 2 of the Dungeon.
             The game lasted 00:04:36 (1197 turns).

KamiKatze the Shield-Bearer (Vine Stalker Fighter)  Turns: 1197, Time: 00:04:36

Health: -1/19      AC:  5    Str: 19    XL:     3   Next: 85%
Magic:  0/4        EV:  2    Int:  8    God:
Gold:   73         SH:  0    Dex: 13    Spells: 2/2 levels left

rFire    . . .     SeeInvis .   a - +0 rapier
rCold    . . .     Gourm    .   c - +0 kite shield
rNeg     . . .     Faith    .   g - +0 ring mail
rPois    .         Spirit   +   (no helmet)
rElec    .         Reflect  .   (no cloak)
rCorr    .         Harm     .   (no gloves)
MR       .....                  (no boots)
Stlth    +.........             (no amulet)
HPRegen  0.06/turn              (no ring)
MPRegen  0.09/turn              (no ring)

@: paralysed
A: fangs 2, magic shield, antimagic bite, no potion heal 3, rot immunity
a: no special abilities


You were on level 2 of the Dungeon.
You were not hungry.

You visited 1 branch of the dungeon, and saw 2 of its levels.

You collected 73 gold pieces.

Inventory:

Hand Weapons
 a - a +0 rapier (weapon)
Missiles
 e - 68 stones (quivered)
 l - 16 poisoned darts
Armour
 b - a +0 scale mail
 c - a +0 kite shield (worn)
 g - a +0 ring mail (worn)
Scrolls
 h - a scroll of enchant weapon {unknown}
 m - a scroll of remove curse {unknown}
 o - 2 scrolls of immolation {unknown}
 p - a scroll of amnesia {unknown}
 r - 3 scrolls of identify {unknown}
 s - 2 scrolls of teleportation {unknown}
 t - a scroll of magic mapping {unknown}
 u - a scroll of blinking {unknown}
Potions
 d - a potion of might
 i - a potion of haste {unknown}
 j - a potion of heal wounds {unknown}
 k - a potion of resistance {unknown}
 n - a potion of brilliance {unknown}
 v - a potion of flight {unknown}
Comestibles
 f - 8 rations
 q - 4 chunks of flesh


   Skills:
 + Level 2.9 Fighting
 * Level 2.5 Short Blades
 + Level 2.6 Armour
 * Level 1.1 Dodging
 + Level 3.0 Shields


You had 2 spell levels left.
You didn't know any spells.
Your spell library was empty.

Dungeon Overview and Level Annotations

Branches:
Dungeon (2/15)

Altars:

Annotations:
D:2 Crazy Yiuf


Innate Abilities, Weirdness & Mutations

You have extremely sharp teeth.
When hurt, damage is shared between your health and your magic reserves.
Your bite disrupts and absorbs the magic of your enemies.
Potions cannot restore your health.
You are immune to rotting.


Message History

You block Crazy Yiuf's attack.
You barely miss Crazy Yiuf.
Crazy Yiuf is heavily wounded.
You block Crazy Yiuf's attack.
You hit Crazy Yiuf.
Crazy Yiuf is heavily wounded.
Crazy Yiuf laughs, "Paint verde canine!"
Crazy Yiuf hits you with a +3 quarterstaff of chaos.
Crazy Yiuf burns you.
You hit Crazy Yiuf. You bite Crazy Yiuf. You drain his power.
You feel invigorated.
Crazy Yiuf is almost dead.
Crazy Yiuf hits you with a +3 quarterstaff of chaos.
You suddenly lose the ability to move!
Crazy Yiuf hits you with a +3 quarterstaff of chaos!
* * * LOW HITPOINT WARNING * * *
Crazy Yiuf burns you.
* * * LOW HITPOINT WARNING * * *
Crazy Yiuf hits you with a +3 quarterstaff of chaos.
You die...

.###.##..####.<..........(#
#.#
###..##................##.#
#.#
###.###.#####.########.##.#
#.# ##...##.# ### ####.##
#.# ...#....# #...####.#
##...#####♣♣♣♣♣ ##.......#
##....#....♣.♣♣♣ ###
##.####..#
##..).....P.♣..♣#...# #..#
#..# #...<....PP♣♣♣♣@g...#
#### #..# #.........♣♣
♣♣#..)# #..# ##......##♣♣
### ###..# #......## #....#
.......# #####..###
#.....## #.......# ##...##
#####.#<# >...## #.#.#
##### #.#.#


You could see Crazy Yiuf.

Vanquished Creatures
  2 giant cockroaches (D:1)
  5 goblins
  10 hobgoblins
  6 jackals
  7 bats
  2 frilled lizards (D:1)
  6 kobolds
  7 rats
45 creatures vanquished.

Notes
Turn   | Place    | Note
-------+----------+-------------------------------------------
     0 | D:1      | KamiKatze the Vine Stalker Fighter began the quest for the
                  | Orb.
     0 | D:1      | Reached XP level 1. HP: 11/11 MP: 2/2
   105 | D:1      | Reached XP level 2. HP: 13/16 MP: 3/3
   336 | D:1      | Reached XP level 3. HP: 15/19 MP: 4/4
   524 | D:2      | Reached skill level 1 in Dodging
   972 | D:2      | Reached skill level 3 in Shields
  1187 | D:2      | Found a runed translucent door.
  1188 | D:2      | Noticed Crazy Yiuf
  1195 | D:2      | Paralysed by Crazy Yiuf for 3 turns
  1197 | D:2      | Slain by Crazy Yiuf

Illustrated notes

Levels and vault maps discovered:
D:1:      dpeg_arrival_pits, layout_rooms
D:2:      layout_loops_ring, first_ration, uniq_crazy_yiuf_cottage

Skill      XL: |  1  2  3 |
---------------+----------+-----
Short Blades   | 2 |  2.5
Dodging        | 1 |  1.1
Shields        | 3 |  3.0
Fighting       | |  2.9
Armour         | |  2.6

Action                   || total
-------------------------++-------
Melee: Rapier            ||   125
       Bite              ||    31
  Eat: Chunk             ||     1
Armor: Ring mail         ||    59
       Scale mail        ||     7
Dodge: Dodged            ||    44
Block: Kite shield       ||    64
